 Dungeon Crawl Stone Soup version 0.23-a0-703-gdf2d5e0 (console) character file.

73 Duffy the Conjurer (level 4, 6/30 HPs)
             Began as a Demonspawn Fire Elementalist on Jan 13, 2019.
             Quit the game on level 3 of the Dungeon.
             The game lasted 00:01:36 (889 turns).

Duffy the Conjurer (Demonspawn Fire Elementalist)    Turns: 889, Time: 00:01:37

Health: 6/30       AC:  2    Str:  8    XL:     4   Next: 8%
Magic:  0/7        EV: 12    Int: 18    God:
Gold:   32         SH:  0    Dex: 13    Spells: 3/7 levels left

rFire    . . .     SeeInvis .   (no weapon)
rCold    . . .     Gourm    .   (no shield)
rNeg     . . .     Faith    .   a - +0 robe
rPois    .         Spirit   .   (no helmet)
rElec    .         Reflect  .   (no cloak)
rCorr    .         Harm     .   (no gloves)
MR       .....                  (no boots)
Stlth    ++........             d - amulet of rage
HPRegen  0.10/turn              (no ring)
MPRegen  0.10/turn              (no ring)

@: lethally poisoned (6 -> -6)
A: hooves 1
a: Evoke Berserk Rage


You were on level 3 of the Dungeon.
You were not hungry.

You visited 1 branch of the dungeon, and saw 4 of its levels.

You collected 32 gold pieces.

Inventory:

Armour
 a - a +0 robe (worn)
Jewellery
 d - an amulet of rage (around neck)
Comestibles
 c - 3 rations
 f - a chunk of flesh


   Skills:
 - Level 1.7 Dodging
 - Level 1.7 Stealth
 - Level 2.0 Spellcasting
 + Level 4.0 Conjurations
 - Level 2.6 Fire Magic


You had 3 spell levels left.
You knew the following spells:

 Your Spells              Type           Power        Failure   Level  Hunger
h - Flame Tongue          Conj/Fire      ##...        4%          1    #......
l - Conjure Flame         Conj/Fire      ##......     14%         3    ###....

Your spell library contained the following spells:

 Spells                   Type           Power        Failure   Level  Hunger
 Throw Flame              Conj/Fire      ##....       7%          2    ###....
 Inner Flame              Hex/Fire       #.......     30%         3    ###....
 Sticky Flame             Conj/Fire      ##......     41%         4    #####..
 Fireball                 Conj/Fire      ##........   77%         5    ######.


Dungeon Overview and Level Annotations

Branches:
Dungeon (4/15)
 Temple: D:4-7

Altars:


Innate Abilities, Weirdness & Mutations

You have large cloven feet.


Message History

The worker ant bites you but does no damage.
The orc closely misses you. The worker ant bites you.
You are poisoned.
The worker ant poisons you!
Casting: Flame Tongue (safe; 4% risk of failure)
Confirm with . or Enter, or press ? or * to list all spells.
You don't have enough magic to cast that spell.
Casting: Flame Tongue (safe; 4% risk of failure)
Confirm with . or Enter, or press ? or * to list all spells.
You don't have enough magic to cast that spell.
You completely miss the worker ant.
The worker ant is severely wounded.
You feel sick. The orc barely misses you. The worker ant completely misses you.
You hit the worker ant but do no damage.
Your kick misses the worker ant.
The worker ant is severely wounded.
You feel sick. The worker ant bites you.
You are lethally poisoned!
The worker ant poisons you! The orc hits you with a +0 flail.
Are you sure you want to abandon this character and quit the game? (Confirm with "yes".)

#..# ##.# ###.. ..
#.## #...# . #..#
###.#.#.# ##.#
#.....#.# #.#
#.#.#... #%###...#.#
#.##.....a#
#.#.....@.#
#...#....o#
#[........#
#.#.......#
##########.#...#####
....##.....#.....
.....#.####........
.......# .........
..?....#.# #.#.....


You could see a worker ant and an orc.

Vanquished Creatures
  5 adders
  3 leopard geckos
  An orc (D:4)
  5 bats
  3 giant cockroaches
  2 goblins
  A hobgoblin (D:1)
  2 kobolds (D:2)
  A frilled lizard (D:2)
  3 rats
26 creatures vanquished.

Notes
Turn   | Place    | Note
-------+----------+-------------------------------------------
     0 | D:1      | Duffy the Demonspawn Fire Elementalist began the quest for
                  | the Orb.
     0 | D:1      | Reached XP level 1. HP: 13/13 MP: 3/3
   124 | D:1      | Reached skill level 2 in Conjurations
   140 | D:1      | Gained mutation: You have large cloven feet. [demonic
                  | ancestry]
   140 | D:1      | Reached XP level 2. HP: 14/19 MP: 0/5
   331 | D:2      | Reached skill level 3 in Conjurations
   331 | D:2      | Reached XP level 3. HP: 19/24 MP: 2/6
   336 | D:2      | Learned a level 3 spell: Conjure Flame
   669 | D:3      | Reached XP level 4. HP: 8/30 MP: 0/7
   687 | D:3      | HP: 1/30 [leopard gecko (4)]
   688 | D:3      | Reached skill level 4 in Conjurations
   889 | D:3      | Quit the game

Vault maps used:
D:1:      co_arrival_random_square_maze
D:2:      minmay_splitting_lines, minmay_tetromino_l4
D:3:      gammafunk_ghost_gnarly_gnolls, xom_teletrap_fun, uniq_grinder
D:4:      temple_pool_b, first_ration, serial_forest,
          infiniplex_forest_clump_diagonal, infiniplex_forest_straight_4,
          infiniplex_forest_lined_1, infiniplex_forest_clump_curved,
          infiniplex_forest_lined_room_2, glass_columns_a, minmay_liquid_box,
          corexii_checkpoint_b

Skill      XL: |  1  2  3  4 |
---------------+-------------+-----
Conjurations   | 2 3 4 |  4.0
Dodging        | |  1.7
Stealth        | |  1.7
Spellcasting   | |  2.0
Fire Magic     | |  2.6

Action                   |  1- 3 |  4- 6 || total
-------------------------+-------+-------++-------
Melee: Unarmed           |    31 |     8 ||    39
 Cast: Flame Tongue      |    40 |    10 ||    50
  Use: Potion            |       |     1 ||     1
  Eat: Chunk             |       |     1 ||     1
Armor: Robe              |    33 |     2 ||    35
Dodge: Dodged            |    79 |     9 ||    88

Table legend:
 A = Non-vault XP
 B = Vault XP
 C = Vault XP percentage of total XP
 D = Non-vault monster count
 E = Vault monster count
 F = Vault count percentage of total count
                 A         B        C        D         E       F
            +---------+---------+-------+---------+---------+-------
      Total |     104 |       1 |   1.0 |      25 |       1 |   3.8
            +---------+---------+-------+---------+---------+-------
        D:1 |      12 |       0 |   0.0 |       5 |       0 |   0.0
        D:2 |      69 |       1 |   1.4 |      14 |       1 |   6.7
        D:3 |      20 |       0 |   0.0 |       5 |       0 |   0.0
        D:4 |       3 |       0 |   0.0 |       1 |       0 |   0.0
            +---------+---------+-------+---------+---------+-------
